 Dungeon Crawl Stone Soup version 0.18.1-8-gdd0e5ea (webtiles) character file.

62 rgaf the Sneak (level 4, -8/36 HPs)
             Began as a Naga Enchanter on June 9, 2016.
             Mangled by Inchmeat's ghost (10 damage)
             ... on level 3 of the Dungeon.
             The game lasted 00:04:16 (2340 turns).

rgaf the Sneak (Naga Enchanter)                     Turns: 2340, Time: 00:04:16

Health: -8/36      AC:  2    Str: 12    XL:     4   Next: 8%
Magic:  7/7        EV:  9    Int: 17    God:
Gold:   173        SH:  0    Dex: 11    Spells: 2 memorised, 4 levels left

rFire  . . .     SeeInvis +     a - +1 dagger (freeze)
rCold  . . .     Gourm    .     l - +0 leather armour
rNeg   . . .     Faith    .     (no shield)
rPois  +         Spirit   .     (no helmet)
rElec  .         Dismiss  .     (no cloak)
rCorr  .         Reflect  .     (no gloves)
SustAt .         Harm     .     (no barding)
MR     .....                    (no amulet)
Stlth  ++++......               (no ring)
                                (no ring)

@: hasted, quick, not resistant to hostile enchantments, stealthy
A: see invisible, deformed body, poison resistance, slowness 2, slow metabolism
1, spit poison 2, strong 1, AC +1
a: Spit Poison


You were on level 3 of the Dungeon.
You were hungry.

You visited 1 branch of the dungeon, and saw 3 of its levels.

You collected 173 gold pieces.

Inventory:

Hand Weapons
 a - a +1 dagger of freezing (weapon)
 b - a +0 long sword
 e - a +1 dagger
Missiles
 j - 5 curare-tipped needles
Armour
 l - a +0 leather armour (worn)
 p - a +1 robe
Scrolls
 f - 5 scrolls of fog
 g - a scroll of identify
 q - a scroll of enchant armour {unknown}
 s - a scroll of recharging {unknown}
 u - a scroll of remove curse
Potions
 i - a potion of might {unknown}
 m - a potion of curing {unknown}
 n - a potion of heal wounds {unknown}
 t - a potion of beneficial mutation
Books
 c - a book of Maledictions

   Spells                             Type                      Level
   a - Corona                         Hexes                        1
   b - Ensorcelled Hibernation        Hexes/Ice                    2
   c - Confuse                        Hexes                        3
   d - Tukima's Dance                 Hexes                        3
   e - Dazzling Spray                 Conjuration/Hexes            3
Comestibles
 d - 3 bread rations
 h - 4 meat rations
 o - a slice of pizza


   Skills:
 - Level 1.0 Short Blades
 - Level 1.5 Dodging
 + Level 7.4 Stealth
 - Level 2.0 Spellcasting
 - Level 3.0 Hexes


You had 4 spell levels left.
You knew the following spells:

 Your Spells              Type           Power        Failure   Level  Hunger
a - Corona                Hex            ##.....      10%         1    #......
b - Ensorcelled Hibernat  Hex/Ice        #.....       21%         2    ###....


Dungeon Overview and Level Annotations

Branches:
Dungeon (3/15)

Altars:
Fedhas
Okawaru
Xom
Yredelemnul

Annotations:
D:3 Inchmeat's ghost, amateur GrFE


Innate Abilities, Weirdness & Mutations

You cannot wear boots.
Your serpentine skin is tough (AC +1).
You have supernaturally acute eyesight.
Armour fits poorly on your strangely shaped body.
Your system is resistant to poisons.
You cover ground very slowly.
You have a slow metabolism.
You can spit poison.
Your muscles are strong. (Str +2)


Message History

Inchmeat's ghost hits you.
* * * LOW HITPOINT WARNING * * *
You closely miss Inchmeat's ghost.
Inchmeat's ghost is lightly damaged.
Inchmeat's ghost hits you!
* * * LOW HITPOINT WARNING * * *
Drink which item? (? for menu, Esc to quit)
It was a potion of beneficial mutation.
You feel stronger.
You feel fantastic! Inchmeat's ghost barely misses you.
Drink which item? (? for menu, Esc to quit)
It was a potion of cancellation.
Your magical effects are unravelling.
You feel magically purged.
Your resistance to elements expires.
Inchmeat's ghost misses you.
Drink which item? (? for menu, Esc to quit)
It was a potion of haste.
You feel yourself speed up. Inchmeat's ghost hits you!
You die...

#.## ....................#
... ...........########.# ..#
##.####....# #...# ..# .....
#....# #.### #.#.?.....#....#
#.# #.#.......#....# #.#
#....._........# #.#
#W#.......#.#### #.######
#.#.W.....#@# #....... ##.#
..... #W## #.#####.
#..####.####..# ##########.
#........W....#####...#...##.
#...............##..#..#..##.
#################_#..#..#..).
##.#..#..#.## ##..###..##
#### ####


You could see Inchmeat's ghost.

Vanquished Creatures
  2 adders (D:2)
  An ooze (D:1)
  3 dart slugs
  A giant gecko (D:3)
  A giant cockroach (D:2)
  6 goblins
  5 hobgoblins
  3 kobolds
  3 bats
  3 giant newts (D:1)
  5 rats
33 creatures vanquished.

Notes
Turn   | Place    | Note
--------------------------------------------------------------
     0 | D:1      | rgaf the Naga Enchanter began the quest for the Orb.
     0 | D:1      | Reached XP level 1. HP: 15/15 MP: 3/3
   179 | D:1      | Reached skill level 5 in Stealth
   253 | D:1      | Reached XP level 2. HP: 19/22 MP: 5/5
   894 | D:2      | Reached skill level 6 in Stealth
   915 | D:2      | Reached XP level 3. HP: 6/28 MP: 6/6
  1484 | D:2      | Learned a level 2 spell: Ensorcelled Hibernation
  1530 | D:2      | Reached skill level 7 in Stealth
  1757 | D:2      | Found a basalt altar of Yredelemnul.
  1928 | D:3      | Found an iron altar of Okawaru.
  2073 | D:3      | Reached XP level 4. HP: 32/36 MP: 7/7
  2164 | D:3      | Found a shimmering altar of Xom.
  2204 | D:3      | Noticed Inchmeat's ghost (amateur GrFE)
  2209 | D:3      | Found a blossoming altar of Fedhas.
  2338 | D:3      | Gained mutation: Your muscles are strong. (Str +2) [potion of beneficial mutation]
  2340 | D:3      | Mangled by Inchmeat's ghost

Skill      XL: |  1  2  3 |
---------------+----------+-----
Stealth        | 5 6 7 |  7.4
Short Blades   | |  1.0
Dodging        | |  1.5
Spellcasting   | |  2.0
Hexes          | |  3.0

Action                   |  1- 3 |  4- 6 || total
-------------------------+-------+-------++-------
Melee: Dagger            |    90 |    17 ||   107
 Cast: Ensorcelled Hiber |     2 |       ||     2
  Use: Scroll            |     5 |       ||     5
       Potion            |       |     4 ||     4
 Stab: Sleeping          |     9 |       ||     9
  Eat: Chunk             |     3 |       ||     3
Armor: Robe              |     1 |       ||     1
       Leather armour    |    12 |     2 ||    14
Dodge: Dodged            |    32 |     9 ||    41
